 Dungeon Crawl Stone Soup version 0.16.2-12-gd0ad4c3 (webtiles) character file.

36 faibistes the Magician (level 3, -12/19 HPs)
             Began as a Deep Elf Wizard on Apr 3, 2018.
             Killed by divine providence
             ... invoked by an orc priest
              (14 damage)
             ... on level 2 of the Dungeon.
             The game lasted 00:06:21 (2187 turns).

faibistes the Magician (Deep Elf Wizard)            Turns: 2187, Time: 00:06:21

Health: -12/19     AC:  2    Str:  4    XL:     3   Next: 19%
Magic:  0/14       EV: 13    Int: 23    God:
Gold:   84         SH:  0    Dex: 13    Spells: 5 memorised, 1 level left

rFire  . . .     SeeInvis .     i - +0 dagger
rCold  . . .     Clarity  .     a - +0 robe
rNeg   . . .     SustAb   .     (no shield)
rPois  .         Gourm    .     b - +0 hat
rElec  .         Spirit   .     (no cloak)
rCorr  .         Warding  .     (no gloves)
rMut   .         Stasis   .     (no boots)
MR     .....                    (no amulet)
Stlth  ++........               (no ring)
                                (no ring)

@: very slightly contaminated, hasted, very quick, not resistant to hostile
enchantments, unstealthy
A: no striking features
a: no special abilities


You were on level 2 of the Dungeon.
You were not hungry.

You visited 1 branch of the dungeon, and saw 3 of its levels.

You collected 84 gold pieces.

Inventory:

Hand weapons
 i - a +0 dagger (weapon)
Armour
 a - a +0 robe (worn)
 b - a +0 hat (worn)
Scrolls
 h - a scroll of blinking {unknown}
 l - a scroll of recharging {unknown}
Potions
 g - a potion of curing
 k - a potion of degeneration
Books
 c - a book of Minor Magic

   Spells                             Type                      Level
   a - Magic Dart                     Conjuration                  1
   b - Blink                          Translocation                2
   c - Call Imp                       Summoning                    2
   d - Repel Missiles                 Charms/Air                   2
   e - Slow                           Hexes                        2
   f - Conjure Flame                  Conjuration/Fire             3
   g - Mephitic Cloud                 Conjuration/Poison/Air       3
Comestibles
 d - 3 bread rations
 j - a chunk of flesh


   Skills:
 + Level 2.8 Dodging
 - Level 2.4 Stealth
 * Level 5.2 Spellcasting
 * Level 2.1 Conjurations
 - Level 1.1 Summonings
 - Level 1.1 Translocations


You had one spell level left.
You knew the following spells:

 Your Spells              Type           Power        Failure   Level  Hunger
a - Magic Dart            Conj           ###.         3%          1    None
b - Conjure Flame         Conj/Fire      ##......     21%         3    ##.....
c - Call Imp              Summ           ##......     12%         2    None
d - Blink                 Tloc           N/A          12%         2    None
e - Mephitic Cloud        Conj/Pois/Air  #.......     21%         3    ##.....


Dungeon Overview and Level Annotations

Branches:
Dungeon (3/15)

Altars:


Message History

Press: ? - help, Shift-Dir - straight line, f/p - orc priest
Aim: an orc priest, wielding a short sword and wearing a ring mail (almost dead)
The magic dart hits the orc priest.
The orc priest is almost dead.
You hit the orc priest but do no damage.
The orc priest is almost dead.
The orc priest barely misses you.
You hit the orc priest but do no damage.
The orc priest is almost dead.
You hit the orc priest but do no damage.
The orc priest is almost dead.
The orc priest barely misses you.
You barely miss the orc priest.
The orc priest is almost dead.
The orc priest hits you with a short sword.
* * * LOW HITPOINT WARNING * * *
The orc priest calls down the wrath of Beogh upon you.
Something smites you!
Ouch! That really hurt!
You die...

. #.. ... .# .. .#
#. .## #.#####...
######......#
.............#
........@....#
########...o.# ###
#.....##########..
###..............#
################


You could see an orc priest.

Vanquished Creatures
  A worm (D:2)
  3 oozes (D:1)
  An orc (D:3)
  4 goblins (D:1)
  3 hobgoblins (D:1)
  2 jackals (D:2)
  A ball python (D:1)
  4 bats
  2 giant cockroaches (D:1)
  3 kobolds
  4 rats
28 creatures vanquished.

Vanquished Creatures (collateral kills)
  A quokka (D:2)
1 creature vanquished.

Vanquished Creatures (others)
  A crimson imp (D:2)
1 creature vanquished.

Grand Total: 30 creatures vanquished

Notes
Turn   | Place    | Note
--------------------------------------------------------------
     0 | D:1      | faibistes, the Deep Elf Wizard, began the quest for the Orb.
     0 | D:1      | Reached XP level 1. HP: 10/10 MP: 6/6
   542 | D:1      | Reached XP level 2. HP: 13/15 MP: 0/10
   546 | D:1      | Learned a level 2 spell: Blink
   549 | D:1      | Learned a level 2 spell: Call Imp
   840 | D:1      | Reached skill level 5 in Spellcasting
  1583 | D:2      | Reached XP level 3. HP: 19/19 MP: 5/14
  1598 | D:2      | Learned a level 3 spell: Conjure Flame
  1602 | D:2      | Learned a level 3 spell: Mephitic Cloud
  2187 | D:2      | Killed from afar by an orc priest

Action                   || total
-------------------------++-------
Melee: Unarmed           ||     3
       Dagger            ||    32
 Cast: Magic Dart        ||    85
       Call Imp          ||     3
       Mephitic Cloud    ||     3
       Conjure Flame     ||     1
  Use: Scroll            ||     3
       Potion            ||     2
  Eat: Chunk             ||     4
